 Dungeon Crawl Stone Soup version 0.16-a0-3992-g631dd12 (webtiles) character file.

61 timbw the Ducker (level 4, 0/29 HPs)
             Began as a Halfling Gladiator on Feb 13, 2015.
             Was an Initiate of Dithmenos.
             Slain by a hound skeleton (4 damage)
             ... on level 5 of the Dungeon.
             The game lasted 00:04:28 (735 turns).

timbw the Ducker (Halfling Gladiator)                Turns: 735, Time: 00:04:29

Health: 0/29       AC:  5    Str: 15    XL:     4   Next: 27%
Magic:  4/4        EV: 16    Int:  7    God:    Dithmenos [......]
Gold:   65         SH:  0    Dex: 15    Spells: 0 memorised, 3 levels left

rFire  . . .     SeeInvis .     a - +0 quarterstaff
rCold  . . .     Clarity  .     b - +0 leather armour
rNeg   . . .     SustAb   .     (no shield)
rPois  .         Gourm    .     c - +0 helmet
rElec  .         Spirit   .     (no cloak)
rCorr  .         Warding  .     (no gloves)
rMut   .         Stasis   .     q - +0 pair of boots
MR     .....                    (no amulet)
Stlth  +.........               (no ring)
                                (no ring)

@: not resistant to hostile enchantments, very unstealthy
A: mutation resistance 1
a: Renounce Religion


You were on level 5 of the Dungeon.
You worshipped Dithmenos.
Dithmenos was noncommittal.
You were not hungry.

You visited 2 branches of the dungeon, and saw 6 of its levels.

You collected 65 gold pieces.

Inventory:

Hand weapons
 a - a +0 quarterstaff (weapon)
Missiles
 d - 3 throwing nets (quivered)
Armour
 b - a +0 leather armour (worn)
 c - a +0 helmet (worn)
 q - a +0 pair of boots (worn)
Scrolls
 e - a scroll of remove curse {unknown}
 m - a scroll of identify {unknown}
 o - a scroll of immolation {unknown}
Potions
 h - a potion of agility {unknown}
 i - 2 potions of poison {unknown}
 j - a potion of curing {unknown}
 k - 2 potions of lignification {unknown}
 n - a potion of mutation {unknown}
 p - a potion of brilliance {unknown}
Comestibles
 f - a bread ration
 g - a royal jelly
 l - a meat ration


   Skills:
 - Level 1.7 Fighting
 + Level 3.1 Staves
 - Level 2.6 Throwing
 + Level 4.5 Dodging


You had 3 spell levels left.
You didn't know any spells.

Dungeon Overview and Level Annotations

Branches:
Dungeon (5/15)             Temple (1/1) D:5

Altars:
Ashenzari
Dithmenos
Elyvilon
Gozag
Makhleb
Nemelex Xobeh
Xom

Shops:
D:4 }


Innate Abilities, Weirdness & Mutations

You are small and have problems with some larger weapons.
You are somewhat resistant to further mutation.


Message History

The gnoll is heavily wounded.
The gnoll barely misses you.
You hit the gnoll but do no damage.
The gnoll is heavily wounded.
The gnoll hits you!
* * * LOW HITPOINT WARNING * * *
A quokka and a zombie come into view.
The gnoll misses you.
Found two items.
The bat zombie hits you but does no damage.
The bat zombie barely misses you. The bat zombie misses you.
The bat zombie closely misses you.
A hound skeleton comes into view.
The bat zombie misses you. The bat zombie completely misses you.
The bat zombie misses you. The bat zombie barely misses you. x2
The bat zombie closely misses you. The bat zombie closely misses you.
The hound skeleton closely misses you. The bat zombie closely misses you.
The hound skeleton bites you.
You die...

#.###.....#
###.........##
+............#
#.......######+
#.##............
#g##.g..........
#.##...r........
#.##..gZ.Z.......
#.##...?@(.......
#.#######+####+##
#########)#
...g......##
#.g....P...#
...g..†PP..###
.....PP>.P...###
....#PP.........
.....P..........


You could see 2 gnolls, a bat zombie, a quokka and a hound skeleton.

Vanquished Creatures
  A gnoll (D:5)
  An adder (D:3)
  2 giant geckos (D:1)
  4 orcs (D:3)
  4 giant cockroaches
  2 hobgoblins
  4 jackals (D:1)
  4 kobolds (D:3)
  4 bats
  4 giant newts
  4 goblins
  3 rats
37 creatures vanquished.

Notes
Turn   | Place    | Note
--------------------------------------------------------------
     0 | D:1      | timbw, the Halfling Gladiator, began the quest for the Orb.
     0 | D:1      | Reached XP level 1. HP: 14/14 MP: 1/1
    57 | D:1      | Reached XP level 2. HP: 16/19 MP: 2/2
   124 | D:1      | Found a shadowy altar of Dithmenos.
   124 | D:1      | Found a shimmering altar of Xom.
   297 | D:2      | Reached skill level 4 in Dodging
   349 | D:2      | Reached XP level 3. HP: 24/24 MP: 3/3
   442 | D:2      | Found an opulent altar of Gozag.
   559 | D:4      | Found Dokog's Gadget Shop.
   587 | D:4      | Found a sparkling altar of Nemelex Xobeh.
   610 | D:4      | Reached XP level 4. HP: 27/29 MP: 4/4
   616 | D:4      | Noticed Peureo Navo
   628 | D:5      | Entered Level 5 of the Dungeon
   628 | D:5      | Found a staircase to the Ecumenical Temple.
   636 | Temple   | Entered the Ecumenical Temple
   661 | Temple   | Became a worshipper of Dithmenos the Shadowed
   735 | D:5      | Slain by a hound skeleton

Action                   |  1- 3 |  4- 6 || total
-------------------------+-------+-------++-------
Melee: Quarterstaff      |   101 |    13 ||   114
Evoke: Deck              |     6 |     6 ||    12
